 Dungeon Crawl Stone Soup version 0.30-a0-322-g102857c98e (webtiles) character file.

Game seed: 9210117620913337761

6713 scionoferis the Covert (level 10, 0/51 HPs)
             Began as a Spriggan Artificer on Oct 27, 2022.
             Was a Believer of Nemelex Xobeh.
             Slain by a hornet (7 damage)
             ... while paralysed by a hornet
             ... on level 9 of the Dungeon.
             The game lasted 00:43:57 (10328 turns).

scionoferis the Covert (Spriggan Artificer)        Turns: 10328, Time: 00:43:58

Health: 0/51       AC:  5    Str:  8    XL:     10   Next: 74%
Magic:  16/16      EV:  4    Int: 12    God:    Nemelex Xobeh [**....]
Gold:   510        SH:  0    Dex: 21    Spells: 9/9 levels left

rFire   . . .      SeeInvis +    a - +4 short sword (vamp)
rCold   . . .      Faith    .    (no shield)
rNeg    . . .      Spirit   .    P - +2 robe {Will+}
rPois   .          Reflect  +    (helmet restricted)
rElec   .          Harm     .    s - +0 cloak
rCorr   .          Rampage  .    (gloves unavailable)
Will    ++...                    (boots unavailable)
Stlth   +++++.....               n - amulet of reflection
HPRegen 0.28/turn                (no ring)
MPRegen 0.15/turn                (no ring)

@: paralysed, lethally poisoned (0 -> -1), slowed, very quick
A: very small, no large weapons, unfitting armour, see invisible, speed 3
a: Renounce Religion, Draw Escape, Draw Destruction, Draw Summoning


You were on level 9 of the Dungeon.
You worshipped Nemelex Xobeh.
Nemelex Xobeh was pleased with you.
You visited 2 branches of the dungeon, and saw 13 of its levels.
You also visited: Sewer and Ossuary.

You collected 537 gold pieces.
You spent 27 gold pieces at shops.

Inventory:

Hand Weapons
 a - a +4 vampiric short sword (weapon)
 b - a +2 sling of draining
 d - a +3 quarterstaff of chaos
 x - a +3 short sword
 M - a +0 falchion of holy wrath
Missiles
 t - 27 poisoned darts
Armour
 s - a +0 cloak (worn)
 P - a +2 robe of willpower (worn)
Jewellery
 n - an amulet of reflection (around neck)
Wands
 c - a wand of flame (12) (quivered)
 e - a wand of iceblast (19)
 r - a wand of charming (15)
 y - a wand of paralysis (8)
Scrolls
 h - 4 scrolls of enchant weapon
 k - 4 scrolls of teleportation
 l - 3 scrolls of butterflies
 p - a scroll of magic mapping
 w - 3 scrolls of amnesia
 A - 3 scrolls of blinking
 B - a scroll of fear
 C - a scroll of summoning
 D - a scroll of immolation {unknown}
 E - a scroll of enchant armour
 H - 3 scrolls of noise
 I - a scroll of silence
 K - a scroll of poison
Potions
 f - 2 potions of cancellation {unknown}
 g - 2 potions of lignification {unknown}
 i - 2 potions of berserk rage {unknown}
 j - 3 potions of heal wounds {unknown}
 m - 2 potions of magic {unknown}
 o - 4 potions of haste
 q - 4 potions of curing
 u - 2 potions of might {unknown}
 v - 3 potions of brilliance {unknown}
 z - 2 potions of invisibility {unknown}
 F - a potion of flight {unknown}
 G - 3 potions of mutation
 J - 3 potions of resistance {unknown}
 L - 2 potions of attraction {unknown}
Miscellaneous
 O - a box of beasts


   Skills:
 + Level 5.3 Fighting
 * Level 7.9 Short Blades
 + Level 5.2 Ranged Weapons
 + Level 8.8 Dodging
 + Level 10.2 Stealth
 * Level 7.3 Invocations
 - Level 6.0 Evocations


You had 9 spell levels left.
You didn't know any spells.
Your spell library contained the following spells:

 Spells                   Type           Power      Damage    Failure   Level
 Freeze                   Ice            0%         1d3       32%         1
 Frozen Ramparts          Ice            0%         1d1       69%         3
 Hailstorm                Conj/Ice       0%         3d3       69%         3


Dungeon Overview and Level Annotations

Branches:
Dungeon (12/15)            Temple (1/1) D:5            Lair (0/5) D:11
    Orc (0/2) D:9           Sewer (visited)         Ossuary (visited)

Altars:
Ashenzari
Cheibriados
Dithmenos
Elyvilon
Fedhas
Gozag
Hepliaklqana
Kikubaaqudgha
Makhleb
Nemelex Xobeh
Okawaru
Qazlal
Ru
Sif Muna
Trog
Uskayaw
Vehumet
Wu Jian
Xom
Yredelemnul
Zin
The Shining One

Shops:
D:8 *

Annotations:
D:6 3 runed translucent doors, Darkkill's ghost, amateur MiHu; Palms's ghost, novice TrHu


Innate Abilities, Weirdness & Mutations

You are very small and have problems with some larger weapons.
You are too small for most types of armour.
You have supernaturally acute eyesight. (SInv)
You cover ground extremely quickly. (Speed+++)


Message History

You are poisoned.
You feel yourself slow down.
Aiming: Throw Flame
Press: ? - help, Q - select action, (/) - cycle Shift-Dir - straight line, f/p - hornet
Aim: a hornet (heavily wounded, 60% to hit)
The puff of flame hits the hornet.
The hornet is severely wounded.
You feel very sick. The hornet closely misses you.
The hornet barely misses you.
Aiming: Throw Flame
Press: ? - help, Q - select action, (/) - cycle Shift-Dir - straight line, f/p - hornet
Aim: a hornet (severely wounded, 60% to hit)
The puff of flame misses the hornet.
You feel yourself speed up.
You feel sick. You block the hornet's attack. The hornet barely misses you.
The hornet closely misses you.
Aiming: Throw Flame
Press: ? - help, Q - select action, (/) - cycle Shift-Dir - straight line, f/p - hornet
Aim: a hornet (severely wounded, 60% to hit)
The puff of flame hits the hornet.
The hornet is almost dead.
You feel sick. The hornet misses you.
Aiming: Throw Flame
Press: ? - help, Q - select action, (/) - cycle Shift-Dir - straight line, f/p - hornet
Aim: a hornet (almost dead, 60% to hit)
The puff of flame hits the hornet.
The hornet is almost dead.
You feel sick. The hornet stings you.
* * * LOW HITPOINT WARNING * * *
You feel yourself slow down. The hornet misses you.
Aiming: Throw Flame
Press: ? - help, Q - select action, (/) - cycle Shift-Dir - straight line, f/p - hornet
Aim: a hornet (almost dead, 60% to hit)
The puff of flame hits the hornet but does no damage.
The hornet is almost dead.
You feel sick. The hornet stings you.
* * * LOW HITPOINT WARNING * * *
You suddenly lose the ability to move!
The hornet stings you!
You die...
Your body glows with a rainbow of weird colours and disappears.

#)#.#.###.#.#.
#.#.#.# #.#.#.#
# #.....# .#
###.##### ...
#.....# ....
##.###.# .....
###...##.#....?.
........@y.....(
###...##.#......
##.###.# .....
### #.# .... #.#
... ..# +# ###


You could see a hornet.

Vanquished Creatures
  3 two-headed ogres
  A hornet (D:8)
  A shadow (D:9)
  Sigmund (D:6)
  2 steam dragons
  Edmund (D:6)
  Duvessa (D:5)
  4 orc warriors
  An ice beast (D:6)
  4 black bears
  A sky beast (D:7)
  5 ogres
  3 centaurs
  A phantom (D:6)
  A kobold brigand (D:9)
  6 bullfrogs
  2 necrophages
  4 scorpions
  2 wights (D:9)
  Dowan (D:5)
  3 howler monkeys
  2 centaur zombies (Ossuary)
  4 hounds
  2 human zombies (Ossuary)
  8 orc priests
  Crazy Yiuf (D:2)
  2 gnoll boudas
  An iguana (D:5)
  4 orc wizards
  6 mummies (Ossuary)
  8 adders
  10 gnolls
  A shadow imp (D:5)
  A white imp (D:8)
  3 ufetubi (D:6)
  2 worms (D:3)
  2 dart slugs
  26 orcs
  9 ball pythons
  13 endoplasms
  20 giant cockroaches
  A gnoll zombie (Ossuary)
  4 goblins
  15 hobgoblins
  13 jackals
  18 quokkas
  7 bats
  13 frilled lizards
  2 goblin zombies
  2 hobgoblin zombies (Ossuary)
  22 kobolds
  A quokka zombie (D:8)
  4 rats (D:1)
275 creatures vanquished.

Vanquished Creatures (others)
  2 kobold brigands
  A gnoll (D:7)
  7 plants
  6 withered plants (D:6)
16 creatures vanquished.

Grand Total: 291 creatures vanquished

Notes
Turn   | Place    | Note
-------+----------+-------------------------------------------
     0 | D:1      | scionoferis the Spriggan Artificer began the quest for the
                  | Orb.
     0 | D:1      | Reached XP level 1. HP: 9/9 MP: 2/2
    72 | D:1      | Reached skill level 1 in Fighting
    72 | D:1      | Reached skill level 2 in Stealth
   122 | D:1      | Reached XP level 2. HP: 14/14 MP: 3/3
   175 | D:1      | Reached skill level 1 in Short Blades
   426 | D:1      | Reached XP level 3. HP: 13/18 MP: 4/4
   833 | D:2      | Found a runed translucent door.
   834 | D:2      | Noticed Crazy Yiuf
  1160 | D:2      | Reached XP level 4. HP: 22/22 MP: 5/5
  1364 | D:2      | Found a shadowy altar of Dithmenos.
  1503 | D:2      | Reached skill level 3 in Stealth
  1639 | D:2      | Killed Crazy Yiuf
  2111 | D:3      | Found an iron altar of Okawaru.
  2111 | D:3      | Found a faded altar of an unknown god.
  2119 | D:3      | Found a snail-covered altar of Cheibriados.
  2121 | D:3      | Found a faded altar of an unknown god.
  2123 | D:3      | Found a basalt altar of Yredelemnul.
  2200 | D:3      | Reached XP level 5. HP: 19/25 MP: 6/6
  2508 | D:3      | Found a glowing silver altar of Zin.
  2801 | D:3      | Reached skill level 5 in Evocations
  3079 | D:4      | Reached skill level 4 in Stealth
  3130 | D:4      | Noticed an ogre
  3140 | D:4      | Found a glowing drain.
  3171 | Sewer    | Entered a sewer
  3176 | Sewer    | Reached XP level 6. HP: 26/30 MP: 7/7
  3652 | Sewer    | Reached skill level 5 in Dodging
  3829 | D:4      | Reached skill level 5 in Stealth
  3829 | D:4      | Reached XP level 7. HP: 35/35 MP: 8/8
  4150 | D:4      | Reached skill level 5 in Short Blades
  4317 | D:5      | Entered Level 5 of the Dungeon
  4323 | D:5      | Reached skill level 1 in Ranged Weapons
  4328 | D:5      | Found a staircase to the Ecumenical Temple.
  4340 | Temple   | Entered the Ecumenical Temple
  4508 | Temple   | Became a worshipper of Nemelex Xobeh the Trickster
  4675 | D:5      | Reached skill level 6 in Stealth
  4675 | D:5      | Reached skill level 1 in Invocations
  4675 | D:5      | Reached XP level 8. HP: 40/40 MP: 9/9
  4711 | D:5      | Noticed Duvessa
  4739 | D:5      | Noticed Dowan
  5290 | D:5      | Killed Duvessa
  5292 | D:5      | Killed Dowan
  5765 | D:6      | Reached skill level 7 in Stealth
  6006 | D:6      | Reached XP level 9. HP: 45/45 MP: 12/12
  6109 | D:6      | Reached * piety under Nemelex Xobeh
  6109 | D:6      | Received a gift from Nemelex Xobeh
  6111 | D:6      | Found a runed translucent gate.
  6111 | D:6      | Found a runed translucent gate.
  6111 | D:6      | Found a runed translucent gate.
  6154 | D:6      | Noticed Palms's ghost (novice TrHu)
  6154 | D:6      | Noticed Darkkill's ghost (amateur MiHu)
  6569 | D:6      | Noticed Edmund
  6608 | D:6      | Killed Edmund
  6626 | D:6      | Noticed Sigmund
  6629 | D:6      | Killed Sigmund
  6671 | D:6      | Reached skill level 8 in Stealth
  7100 | D:6      | Reached skill level 5 in Invocations
  7910 | D:8      | Noticed a two-headed ogre
  7964 | D:8      | Killed a two-headed ogre
  7965 | D:8      | Reached skill level 9 in Stealth
  7965 | D:8      | Reached XP level 10. HP: 51/51 MP: 15/15
  8004 | D:8      | Reached ** piety under Nemelex Xobeh
  8009 | D:8      | Noticed a two-headed ogre
  8062 | D:8      | Killed a two-headed ogre
  8103 | D:8      | Found a stormy altar of Qazlal.
  8119 | D:8      | Found Osirauth's Assorted Antiques.
  8155 | D:8      | Found a sand-covered staircase.
  8182 | Ossuary  | Entered an ossuary
  8640 | D:8      | Reached skill level 5 in Fighting
  8642 | D:8      | Received a gift from Nemelex Xobeh
  9272 | D:8      | Identified the +0 ring mail "Oludath" {Rampage rC+ Will-
                  | Int+6}
  9612 | D:8      | Bought a yellow potion for 27 gold pieces
  9712 | D:9      | Reached skill level 5 in Ranged Weapons
  9823 | D:9      | Found a staircase to the Orcish Mines.
  9875 | D:9      | You fall into a shaft and drop 3 floors!
  9876 | D:12     | Noticed a deep elf pyromancer
 10003 | D:11     | Received a gift from Nemelex Xobeh
 10021 | D:11     | Noticed a cyclops
 10043 | D:10     | Entered Level 10 of the Dungeon
 10064 | D:10     | Noticed a two-headed ogre
 10121 | D:10     | Killed a two-headed ogre
 10122 | D:10     | Reached skill level 10 in Stealth
 10328 | D:9      | Paralysed by a hornet for 3 turns
 10328 | D:9      | Slain by a hornet

Illustrated notes

Levels and vault maps discovered:
D:1:      scummos_arrival_hexagon, layout_rooms
D:2:      layout_loops_ring, basic_altar, minmay_pentomino_z2,
          uniq_crazy_yiuf_cottage
D:3:      layout_loops_corners, zin_scriptorium,
          chequers_temple_overflow_minitemple, minmay_door_square
D:4:      layout_cave_pools, portal_sewer_entry_f
D:5:      layout_loops_ring, minmay_temple_entry_overgrown, uniq_duvessa
D:6:      layout_loops_corners, gammafunk_ghost_cemetery, nrook_loot_triangle,
          uniq_edmund, uniq_sigmund
D:7:      layout_cave_pools, serial_glass, glass_columns_a, glass_columns_c
D:8:      layout_cave_pools, lemuel_tele_altar, enter_ossuary_4, serial_shops,
          nicolae_shop_overgrown_old_shop, nicolae_straight_to_the_point
D:9:      layout_loops_corners, david_orc_3, special_room [special_room_orc],
          gammafunk_ghost_grave, minmay_puff
D:10:     nicolae_hexawheel, layout_loops_ring, kennysheep_generic_room_3
D:11:     layout_stronghold, david_lair_shrubbed, serial_glass, glass_columns_a,
          glass_columns_a, portal_ice_cave_rime, lightli_elemental_guards
D:12:     layout_long_grid, hangedman_abyss_or_decor_stagger,
          minmay_misc_feat_iff, minmay_statues_item
Temple:   bh_familiar_temple

Skill      XL: |  1  2  3  4  5  6  7  8  9 10 |
---------------+-------------------------------+-----
Fighting       | 1 2 3 4 5 |  5.3
Stealth        | 2 3 4 5 6 7 9 10 | 10.2
Short Blades   | 1 2 3 4 5 6 7 |  7.9
Dodging        | 4 5 6 7 8 |  8.8
Evocations     | 5 6 |  6.0
Ranged Weapons | 1 3 4 5 |  5.2
Invocations    | 1 3 5 7 |  7.3

Action                   |  1- 3 |  4- 6 |  7- 9 | 10-12 || total
-------------------------+-------+-------+-------+-------++-------
Melee: Club              |     7 |       |       |       ||     7
       Short sword       |   159 |       |    64 |    69 ||   292
       Punch             |     2 |     1 |     2 |       ||     5
       Dagger            |     4 |   197 |    22 |       ||   223
       Quarterstaff      |       |   107 |    29 |    10 ||   146
       Falchion          |       |       |       |     7 ||     7
 Fire: Sling             |       |       |   223 |   165 ||   388
Throw: Dart              |       |    12 |    11 |     9 ||    32
       Throwing net      |       |       |       |     2 ||     2
Evoke: Wand              |     5 |    13 |     9 |     7 ||    34
  Use: Scroll            |       |       |     7 |     5 ||    12
       Potion            |       |       |     1 |     2 ||     3
 Stab: Distracted        |     1 |       |       |       ||     1
       Sleeping          |     6 |    15 |     6 |     9 ||    36
       Paralysed         |       |       |     1 |       ||     1
Armor: Robe              |    14 |    33 |    10 |     4 ||    61
Dodge: Dodged            |   117 |   182 |   138 |    64 ||   501
Block: Other             |       |    35 |    31 |    17 ||    83
       Reflection        |       |       |     2 |     3 ||     5

Table legend: (Time is in decaauts)
 A = Elapsed time spent in this place.
 B = Non-inter-level travel time spent in this place.
 C = Inter-level travel time spent in this place.
 D = Time resting spent in this place.
 E = Time spent auto-exploring this place.
 F = Levels seen in this place.
 G = Mean time per level.
                   A        B        C        D        E       F      G
               +--------+--------+--------+--------+--------+-----+--------+
         Total |   7446 |   7112 |    334 |    739 |   3340 |  15 |  496.4 |
       Dungeon |   6411 |   6095 |    316 |    572 |   3124 |  12 |  534.2 |
        Temple |    124 |    106 |     18 |      0 |    102 |   1 |  124.0 |
         Sewer |    570 |    570 |      0 |     30 |    114 |   1 |  570.0 |
       Ossuary |    340 |    340 |      0 |    137 |      0 |   1 |  340.0 |
               +--------+--------+--------+--------+--------+-----+--------+

Top non-repeatable levels by time:
     D:6: 1297 daAuts
     D:8: 919 daAuts
     D:3: 855 daAuts
     D:5: 816 daAuts
     D:2: 778 daAuts
   Sewer: 570 daAuts
     D:4: 499 daAuts
     D:1: 474 daAuts
 Ossuary: 340 daAuts
     D:7: 304 daAuts
     D:9: 254 daAuts
  Temple: 124 daAuts
    D:10: 106 daAuts
    D:11: 98 daAuts
    D:12: 7 daAuts
